cohdb
Replays
Latest Replays
All Replays
Popular Replays
Top Player Replays
Match Explorer
How It Works
Community
CoH3 Stats
Reddit
Sign in to upload your games and track your stats! →
Sign in with Steam
Match 42632644
Unlisted
Match 42632644
Overview
Messages
Build Orders
End
Kradschützen Motorcycle Team
Panzergrenadier Squad
Selects Battlefield Espionage Battlegroup
Panzergrenadier Squad
Construct Light Support Kompanie
MG34 Team
2.5-tonne Medical Truck
Fire Support Elements
Flakvierling Half-track
Veteran Squad Leaders
Panzerjäger Mechanized Group
Selects 250/3 Funkpanzerwagen
Combat Half-tracks
Construct Mechanized Kompanie
Marder III Tank Destroyer
Tungsten Core Ammunition
Selects Anti-Tank Incendiary Munitions
Selects Sector Subterfuge Beacon
Selects Plunder
Vehicle Survival Package
Construct Panzerarmee Kommand
254 Reconnaissance Tractor
Panzer III L Medium Tank
Traanquheal
็็็็็็็็็็
Vegetable chicken
Cpt Racks
CommieRed
Thank You Chef
0
0
Comments
sign in to comment!
No comments posted yet!